 Dungeon Crawl Stone Soup version 0.23.2-1-ga50397a6bc (webtiles) character file.

Game seed: 13950985914878286297

4288 Pixllover the Basher (level 10, -9/90 HPs)
             Began as a Minotaur Berserker on Apr 20, 2019.
             Was an Elder of Trog.
             Mangled by an orc warrior
             ... wielding a +2 glaive of distortion
              (20 damage)
             ... on level 8 of the Dungeon.
             The game lasted 00:30:50 (8246 turns).

Pixllover the Basher (Minotaur Berserker)           Turns: 8246, Time: 00:30:51

Health: -9/90      AC:  9    Str: 27    XL:     10   Next: 10%
Magic:  8/8        EV: 20    Int: 14    God:    Trog [****..]
Gold:   320        SH:  0    Dex: 15    Spells: 9/9 levels left

rFire    + . .     SeeInvis .   w - +8 morningstar of Classification {crush, Int+5}
rCold    + . .     Gourm    .   (no shield)
rNeg     + . .     Faith    .   e - +1 ring mail
rPois    .         Spirit   .   (helmet restricted)
rElec    .         Reflect  .   k - scarf {rC+ rF+}
rCorr    .         Harm     .   i - +0 pair of gloves
MR       .....                  (no boots)
Stlth    ++........             (no amulet)
HPRegen  0.25/turn              j - +5 ring of intelligence
MPRegen  0.11/turn              m - ring of positive energy

@: agile
A: retaliatory headbutt, horns 2, low mp 1, strong 1
a: Berserk, Trog's Hand, Brothers in Arms, Renounce Religion


You were on level 8 of the Dungeon.
You worshipped Trog.
Trog was greatly pleased with you.
You were not hungry.

You visited 1 branch of the dungeon, and saw 8 of its levels.

You collected 436 gold pieces.
You spent 116 gold pieces at shops.

Inventory:

Hand Weapons
 p - a +3 trident of protection
 w - the +8 morningstar of Classification (weapon) {crush, Int+5}
   (You found it on level 5 of the Dungeon)

   It inflicts extra damage upon your enemies.
   It affects your intelligence (+5).
Missiles
 B - 5 needles of confusion (quivered)
Armour
 e - a +1 ring mail (worn)
 i - a +0 pair of gloves (worn)
 k - a scarf of resistance (worn)
Jewellery
 j - a +5 ring of intelligence (left hand)
 m - a ring of positive energy (right hand)
Wands
 b - a wand of flame (35)
 d - a wand of random effects (13)
 A - a wand of polymorph (7)
Scrolls
 f - 2 scrolls of teleportation
 l - 2 scrolls of fear
 n - a scroll of identify
 o - 5 scrolls of remove curse
 r - 3 scrolls of enchant armour
 s - a scroll of amnesia
 u - a scroll of noise {unknown}
 y - a scroll of random uselessness {unknown}
 D - 2 scrolls of enchant weapon
Potions
 g - 6 potions of curing
 h - a potion of magic {unknown}
 t - 2 potions of flight {unknown}
 v - a potion of berserk rage {unknown}
 z - a potion of agility
 C - a potion of resistance {unknown}
 E - a potion of ambrosia
Comestibles
 c - 17 rations


   Skills:
 + Level 8.6 Fighting
 + Level 10.3 Maces & Flails
 + Level 6.2 Polearms
 + Level 8.5 Armour
 + Level 6.3 Dodging
 + Level 1.4 Stealth
 + Level 0.1 Evocations


You had 9 spell levels left.
You didn't know any spells.
Your spell library was empty.

Dungeon Overview and Level Annotations

Branches:
Dungeon (8/15)             Temple (0/1) D:6
   Lair: D:8-11

Altars:
Trog
Xom

Shops:
D:6 %!!=(


Innate Abilities, Weirdness & Mutations

You reflexively headbutt those who attack you in melee.
You have a pair of horns on your head.
Your magical capacity is low. (-10% MP)
Your muscles are strong. (Str +2)


Message History

An orc comes into view.
The orc warrior hits you with a +2 glaive of distortion!
* * * LOW HITPOINT WARNING * * *
Space warps horribly around you!
* * * LOW HITPOINT WARNING * * *
The orc misses you.
The ogre shouts!
The orc shouts!
You puncture the orc warrior!
You headbutt the orc warrior, but do no damage.
The orc warrior is heavily wounded.
The orc priest barely misses you.
The orc warrior hits you from afar with a +2 glaive of distortion.
* * * LOW HITPOINT WARNING * * *
Space bends around you.
* * * LOW HITPOINT WARNING * * *
It was a potion of agility.
You feel agile all of a sudden. The orc hits you but does no damage.
The orc warrior hits you from afar with a +2 glaive of distortion!!
You die...

#...'.....#...........'...#
#...#.....#...........#...#
#(..##....#...........#..##
#...##....#....########..###+###
#...####'##....'..........#....##
#...'.....#....#..........#......
#...#.....#....#..........'......
.##.#######....#.##.##.######..##
.##'###.......##@#####.## #..##
......#.......'.ooo.O.... #...#.
......'.......#..o..o.... #...#.
.##...#.......#####'##.## ##..##
###...#......... ..#. #######
#....'.......... .+. +......
#....#........... .#....#......
#....#........... ##..###..##.
##...#.......### #..#######.


You could see an orc warrior, an ogre, 2 orc priests and 2 orcs.

Vanquished Creatures
  Pikel (D:7)
  The ghost of stultus the Skirmisher, a novice FoFi (D:4)
  2 hornets (D:8)
  2 hippogriffs
  Sigmund (D:3)
  Eustachio (D:5)
  Edmund (D:5)
  A soldier ant (D:8)
  A water moccasin (D:5)
  An orc warrior (D:6)
  A slave (D:7)
  3 ice beasts
  A phantom (D:5)
  3 centaurs
  4 bullfrogs
  A scorpion (D:6)
  A howler monkey (D:8)
  A centaur zombie (D:7)
  3 crimson imps
  4 jellies
  2 orc priests
  2 hounds
  5 orc wizards
  A bullfrog skeleton (D:6)
  3 centaur skeletons
  An iguana (D:3)
  4 worker ants
  3 hound zombies
  2 hound skeletons
  6 gnolls
  16 adders
  An adder skeleton (D:5)
  A worm (D:3)
  A dart slug (D:1)
  8 leopard geckos
  33 orcs
  2 ball pythons
  13 bats
  8 giant cockroaches
  3 hobgoblins
  11 jackals
  2 quokkas
  A ball python zombie (D:6)
  5 frilled lizards
  3 goblins
  8 kobolds
  9 rats
188 creatures vanquished.

Vanquished Creatures (others)
  A giant cockroach (D:7)
1 creature vanquished.

Grand Total: 189 creatures vanquished

Notes
Turn   | Place    | Note
-------+----------+-------------------------------------------
     0 | D:1      | Pixllover the Minotaur Berserker began the quest for the
                  | Orb.
     0 | D:1      | Reached XP level 1. HP: 19/19 MP: 0/0
   149 | D:1      | Reached skill level 4 in Maces & Flails
   150 | D:1      | Reached XP level 2. HP: 16/27 MP: 1/1
   643 | D:1      | Reached ** piety under Trog
   750 | D:2      | Noticed a crimson imp
   762 | D:2      | Killed a crimson imp
   762 | D:2      | Reached XP level 3. HP: 28/34 MP: 2/2
  1066 | D:2      | Reached XP level 4. HP: 41/41 MP: 3/3
  1101 | D:2      | Noticed a bullfrog
  1110 | D:2      | Killed a bullfrog
  1110 | D:2      | Reached skill level 5 in Fighting
  1110 | D:2      | Reached skill level 5 in Maces & Flails
  1112 | D:2      | Reached XP level 5. HP: 15/48 MP: 4/4
  2116 | D:3      | You fall through a shaft for 2 floors!
  2116 | D:5      | Entered Level 5 of the Dungeon
  2268 | D:3      | Reached XP level 6. HP: 44/56 MP: 5/5
  2698 | D:3      | Noticed Sigmund
  2705 | D:3      | Reached skill level 6 in Maces & Flails
  2714 | D:3      | Killed Sigmund
  3106 | D:3      | Gained mutation: Your magical capacity is low. (-10% MP)
                  | [potion of mutation]
  3106 | D:3      | Gained mutation: Your muscles are strong. (Str +2) [potion
                  | of mutation]
  3174 | D:3      | Reached *** piety under Trog
  3376 | D:4      | Found a runed translucent door.
  3437 | D:4      | Reached XP level 7. HP: 62/62 MP: 5/5
  3475 | D:4      | Reached skill level 1 in Polearms
  3475 | D:4      | Reached skill level 1 in Stealth
  3763 | D:4      | Noticed stultus's ghost (novice FoFi)
  3797 | D:4      | Killed stultus's ghost
  3797 | D:4      | Reached skill level 5 in Armour
  4124 | D:5      | Found a transporter.
  4178 | D:5      | Reached XP level 8. HP: 53/71 MP: 6/6
  4207 | D:5      | Found a transporter.
  4238 | D:5      | Noticed Edmund
  4249 | D:5      | Killed Edmund
  4355 | D:5      | Got a crystal morningstar
  4356 | D:5      | Identified the +8 morningstar of Classification {crush,
                  | Int+5} (You found it on level 5 of the Dungeon)
  4913 | D:5      | Noticed a hippogriff
  4914 | D:5      | Noticed Eustachio
  4921 | D:5      | Killed a hippogriff
  4924 | D:5      | Killed Eustachio
  4924 | D:5      | Reached skill level 5 in Polearms
  4924 | D:5      | Reached skill level 5 in Dodging
  5171 | D:5      | Found a bloodstained altar of Trog.
  5476 | D:6      | Reached skill level 7 in Maces & Flails
  5527 | D:6      | Found Utuanod's Distillery.
  5549 | D:6      | Reached XP level 9. HP: 73/79 MP: 7/7
  5570 | D:6      | Bought a potion of heal wounds for 55 gold pieces
  5570 | D:6      | Bought a potion of degeneration for 11 gold pieces
  5658 | D:6      | Received a gift from Trog
  5696 | D:6      | Found Powkoof's Distillery.
  5814 | D:6      | Reached skill level 8 in Maces & Flails
  5908 | D:6      | Found Xyal's Food Emporium.
  5911 | D:6      | Bought a ration for 50 gold pieces
  5994 | D:6      | Found a staircase to the Ecumenical Temple.
  6104 | D:6      | Reached **** piety under Trog
  6109 | D:6      | You fall through a shaft for 2 floors!
  6214 | D:7      | Reached skill level 9 in Maces & Flails
  6460 | D:7      | You fall through a shaft!
  6566 | D:7      | Found a shimmering altar of Xom.
  6664 | D:7      | Noticed Pikel
  6680 | D:7      | Killed Pikel
  6745 | D:6      | Found Egim's Antique Weapon Shop.
  6917 | D:6      | Found Raleu's Jewellery Shoppe.
  7268 | D:7      | Reached skill level 10 in Maces & Flails
  7833 | D:8      | Reached XP level 10. HP: 77/90 MP: 8/8
  7835 | D:8      | Paralysed by a hornet for 2 turns
  7839 | D:8      | Paralysed by a hornet for 3 turns
  8246 | D:8      | Mangled by an orc warrior

Skill      XL: |  1  2  3  4  5  6  7  8  9 |
---------------+----------------------------+-----
Maces & Flails | 4 5 6 7 10 | 10.3
Fighting       | 4 5 6 7 8 |  8.6
Dodging        | 3 4 5 6 |  6.3
Armour         | 3 5 6 8 |  8.5
Polearms       | 3 6 |  6.2
Stealth        | 1 |  1.4
Evocations     | |  0.1

Action                   |  1- 3 |  4- 6 |  7- 9 | 10-12 || total
-------------------------+-------+-------+-------+-------++-------
Melee: Mace              |    47 |    68 |   153 |       ||   268
       Headbutt          |     5 |    16 |    62 |     2 ||    85
       Trident           |       |    39 |    80 |       ||   119
       Morningstar       |       |       |    76 |    14 ||    90
Invok: Berserk           |       |     1 |     1 |       ||     2
Evoke: Wand              |       |       |     1 |       ||     1
  Use: Scroll            |     1 |     5 |    11 |       ||    17
       Potion            |       |     4 |     3 |     2 ||     9
  Eat: Chunk             |       |     9 |    11 |       ||    20
       Ration            |       |       |     1 |     1 ||     2
Armor: Animal skin       |    24 |     9 |       |       ||    33
       Ring mail         |       |    22 |     5 |    13 ||    40
       Scale mail        |       |    20 |   115 |       ||   135
Dodge: Dodged            |    64 |    93 |   197 |    19 ||   373
